 Dungeon Crawl Stone Soup version 0.21-a0-630-g344d351 (webtiles) character file.

377 Firecrotchwizard the Slasher (level 6, 0/55 HPs)
             Began as a Draconian Berserker on Dec 27, 2017.
             Was a Believer of Trog.
             Slain by a scorpion (7 damage)
             ... on level 4 of the Dungeon.
             The game lasted 00:05:23 (2827 turns).

Firecrotchwizard the Slasher (Draconian Berserker)  Turns: 2827, Time: 00:05:24

Health: 0/55       AC:  6    Str: 19    XL:     6   Next: 45%
Magic:  6/6        EV: 14    Int:  7    God:    Trog [**....]
Gold:   152        SH:  0    Dex: 13    Spells: 5/5 levels left

rFire    . . .     SeeInvis .   a - +0 falchion
rCold    . . .     Gourm    .   (no shield)
rNeg     . . .     Faith    .   (armour unavailable)
rPois    .         Spirit   .   (helmet restricted)
rElec    .         Reflect  .   (no cloak)
rCorr    .         Harm     .   (no gloves)
MR       ++...     Rnd*Tele +   (no boots)
Stlth    +.........             (no amulet)
HPRegen  1.18/turn              (no ring)
MPRegen  0.10/turn              (no ring)

@: lethally poisoned (0 -> 0), regenerating
A: unfitting armour, claws 1, talons 1, teleportitis 1, cold-blooded, AC +6
a: Berserk, Trog's Hand, Burn Spellbooks, Renounce Religion


You were on level 4 of the Dungeon.
You worshipped Trog.
Trog was pleased with you.
You were not hungry.

You visited 1 branch of the dungeon, and saw 4 of its levels.

You collected 152 gold pieces.

Inventory:

Hand Weapons
 a - a +0 falchion (weapon)
 l - the +7 Singing Sword
   (You found it on level 4 of the Dungeon)
Missiles
 i - 2 javelins (quivered)
Scrolls
 c - a scroll of noise {unknown}
 d - 3 scrolls of identify {unknown}
 f - 2 scrolls of immolation {unknown}
 g - a scroll of fog {unknown}
 h - a scroll of remove curse {unknown}
 j - a scroll of enchant armour {unknown}
 k - 3 scrolls of teleportation {unknown}
 n - a scroll of enchant weapon {unknown}
Potions
 e - a potion of brilliance
 m - a potion of ambrosia {unknown}
Comestibles
 b - 5 rations {@e1}


   Skills:
 + Level 4.9 Fighting
 * Level 5.6 Long Blades
 + Level 4.0 Dodging


You had 5 spell levels left.
You didn't know any spells.

Dungeon Overview and Level Annotations

Branches:
Dungeon (4/15)
 Temple: D:4-7

Altars:
Gozag

Annotations:
D:3 Sin92's ghost, amateur DsFi


Innate Abilities, Weirdness & Mutations

Your plain brown scales are hard. (AC +6)
You cannot fit into any form of body armour.
You are cold-blooded and may be slowed by cold attacks.
You have sharp fingernails.
You have sharp toenails.
You are occasionally teleported next to monsters.


Message History

You hit the scorpion.
You feel sick.
The scorpion stings you but does no damage.
You take 1 damage, and have 17/79 hp.
You hit the scorpion.
You feel sick.
The scorpion stings you but does no damage.
You take 1 damage, and have 16/79 hp.
You hit the scorpion but do no damage.
You feel less wooden.
The scorpion stings you but does no damage.
You now have 11/53 hp.
You hit the scorpion.
You kill the scorpion!
Trog accepts your kill.
Your Dodging skill increases to level 4!
You feel sick.
You take 1 damage, and have 10/55 hp.
You start resting.
You feel sick. x9
You are no longer poisoned.
You take 4 damage, and have 6/55 hp.
You start resting.
You feel a little less clever now.
You start resting.
A scorpion comes into view.
There is an open door here.
There is an open door here.
You start resting.
You are suddenly yanked towards some nearby monsters!
Your surroundings suddenly seem different.
An adder comes into view.
The adder hisses angrily.
An adder comes into view.
The adder hisses angrily.
The bat barely misses you.
You riposte.
You hit the bat but do no damage.
Your tail-slap misses the bat.
The bat hits you but does no damage. 2 bats come into view.
You regained 11 hp, and now have 22/55 hp.
You slash the adder! You claw the adder.
You kill the adder!
Trog accepts your kill.
You found a web!
The bat closely misses you.
You riposte.
You hit the bat.
You kill the bat!
Trog accepts your kill. The bat hits you but does no damage.
The adder evades a web.
You hit the adder. Your kick misses the adder. The adder misses you.
You riposte.
You miss the adder. You claw the adder. The bat barely misses you.
The adder bites you but does no damage.
You miss the adder. You claw the adder.
You kill the adder!
Trog accepts your kill. The bat hits you but does no damage.
The bat misses you.
You miss the bat. Your kick misses the bat.
The bat hits you but does no damage.
You hit the bat.
You kill the bat!
Trog accepts your kill.
l - the +7 Singing Sword
Things that are here:
a hand axe; a long sword; a short sword You start resting.
The scorpion evades a web.
You barely miss the scorpion.
You claw the scorpion, but do no damage.
The scorpion stings you.
You take 4 damage, and have 20/55 hp.
You barely miss the scorpion.
You claw the scorpion, but do no damage.
The scorpion stings you but does no damage.
You hit the scorpion but do no damage. You claw the scorpion.
The scorpion closely misses you.
You hit the scorpion but do no damage. The scorpion closely misses you.
You hit the scorpion but do no damage. The scorpion stings you.
You hit the scorpion but do no damage. You claw the scorpion.
The scorpion closely misses you.
You hit the scorpion but do no damage. The scorpion stings you.
* * * LOW HITPOINT WARNING * * *
You are poisoned.
The scorpion poisons you!
You take 6 damage, and have 14/55 hp.
You barely miss the scorpion.
You feel sick. The scorpion stings you.
* * * LOW HITPOINT WARNING * * *
You take 3 damage, and have 11/55 hp.
Your skin crawls.
You feel resistant to hostile enchantments.
You feel quite a bit more hungry.
You feel sick. The scorpion misses you.
You riposte.
You hit the scorpion. Your kick misses the scorpion. You slash the scorpion!
You feel sick. The scorpion closely misses you.
You riposte.
You hit the scorpion but do no damage.
Your tail-slap misses the scorpion.
The scorpion stings you!
* * * LOW HITPOINT WARNING * * *
You take 6 damage, and have 5/55 hp.
You hit the scorpion. Your kick misses the scorpion.
Your tail-slap misses the scorpion.
The scorpion closely misses you.
You riposte.
You hit the scorpion but do no damage. You tail-slap the scorpion.
You closely miss the scorpion. Your kick misses the scorpion.
You feel sick. The scorpion closely misses you.
You riposte.
You hit the scorpion but do no damage. You closely miss the scorpion.
Your kick misses the scorpion.
Your tail-slap misses the scorpion.
You feel sick. The scorpion misses you.
You closely miss the scorpion. The scorpion stings you!
You die...

.#
#.####
P.P#.#
P...#
....#
###....#
#..^P..#
#.s†#
#@..#
###)#
#.. .#
#.. ## #
#.. #P
#..
..#..
.(.
#s###
#(.).


You could see a scorpion.

Vanquished Creatures
  3 scorpions (D:4)
  A howler monkey (D:4)
  A hound (D:4)
  A worker ant (D:4)
  7 adders
  4 worms
  3 dart slugs
  3 leopard geckos
  An orc (D:4)
  2 giant cockroaches
  A goblin (D:2)
  6 hobgoblins
  4 jackals (D:1)
  2 ball pythons (D:1)
  9 bats
  9 frilled lizards
  5 kobolds
  7 rats
69 creatures vanquished.

Vanquished Creatures (others)
  4 fungi (D:4)
4 creatures vanquished.

Grand Total: 73 creatures vanquished

Notes
Turn   | Place    | Note
-------+----------+-------------------------------------------
     0 | D:1      | Firecrotchwizard the Draconian Berserker began the quest for the Orb.
     0 | D:1      | Reached XP level 1. HP: 19/19 MP: 1/1
   150 | D:1      | Reached XP level 2. HP: 18/26 MP: 2/2
   507 | D:1      | Reached skill level 3 in Dodging
   523 | D:1      | Reached XP level 3. HP: 24/31 MP: 3/3
   849 | D:2      | Reached skill level 4 in Long Blades
  1263 | D:2      | Reached XP level 4. HP: 40/40 MP: 4/4
  1302 | D:2      | Reached ** piety under Trog
  1448 | D:2      | Found an opulent altar of Gozag.
  1580 | D:2      | Reached skill level 4 in Fighting
  2085 | D:3      | Noticed Sin92's ghost (amateur DsFi)
  2371 | D:4      | Reached XP level 5. HP: 29/46 MP: 5/5
  2648 | D:4      | Reached skill level 5 in Long Blades
  2668 | D:4      | Reached XP level 6. HP: 34/53 MP: 6/6
  2675 | D:4      | Gained mutation: You have sharp toenails. [potion of mutation]
  2675 | D:4      | Gained mutation: You are occasionally teleported next to monsters. [potion of mutation]
  2675 | D:4      | Gained mutation: You have sharp fingernails. [potion of mutation]
  2675 | D:4      | HP: 19/79 [poisoned by a scorpion]
  2683 | D:4      | HP: 19/79 [poisoned by a scorpion]
  2688 | D:4      | Reached skill level 4 in Dodging
  2688 | D:4      | HP: 10/55 [poisoned by a scorpion]
  2693 | D:4      | HP: 8/55 [poisoned by a scorpion]
  2698 | D:4      | HP: 7/55 [poisoned by a scorpion]
  2705 | D:4      | HP: 6/55 [poisoned by a scorpion]
  2713 | D:4      | HP: 6/55 [poisoned by a scorpion]
  2808 | D:4      | Found the +7 Singing Sword
  2821 | D:4      | HP: 13/55 [poisoned by a scorpion]
  2823 | D:4      | HP: 5/55 [scorpion (7)]
  2827 | D:4      | Slain by a scorpion

Vault maps used:
D:1:      nicolae_arrival_washed_ashore, grunt_decor_fettered
D:2:      grunt_gozag_breadcrumbs, minmay_bisected
D:3:      serial_co_window_serial, co_window_corner_a,
          co_window_of_opportunity_a, co_window_of_opportunity_a,
          co_window_of_opportunity_a, co_window_paths_b,
          co_window_unsneaky_path_c, co_window_of_opportunity_b,
          co_window_broadway_c, co_window_broadway_a, co_window_paths_d,
          co_window_4corner_b, glass_columns_a, glass_columns_a, glass_columns_a
D:4:      old_forge, first_ration

Skill      XL: |  1  2  3  4  5  6 |
---------------+-------------------+-----
Dodging        | 3 4 |  4.0
Long Blades    | 4 5 |  5.6
Fighting       | 4 |  4.9

Action                   |  1- 3 |  4- 6 || total
-------------------------+-------+-------++-------
Melee: Falchion          |   106 |   109 ||   215
       Tailslap          |    13 |    12 ||    25
       Kick              |       |     7 ||     7
Throw: Javelin           |     5 |    34 ||    39
Invok: Berserk           |     1 |       ||     1
       Trog's Hand       |       |     1 ||     1
  Use: Potion            |       |     4 ||     4
 Stab: Sleeping          |     1 |       ||     1
  Eat: Chunk             |     2 |     3 ||     5
       Ration            |       |     1 ||     1
Armor: Skin              |    46 |    41 ||    87
Dodge: Dodged            |    79 |    70 ||   149
       Rpst.: Falchion   |    25 |    26 ||    51

Table legend:
 A = Spawn XP
 B = Non-spawn XP
 C = Spawn XP percentage of total XP
 D = Spawn monster count
 E = Non-spawn monster count
 F = Spawn count percentage of total count
 G = Total turns spent on level
                    A         B        C        D         E        F      G
               +---------+---------+-------+---------+---------+-------+---------
         Total |       0 |     539 |   0.0 |       0 |      69 |   0.0 |  2827
               +---------+---------+-------+---------+---------+-------+---------
           D:1 |       0 |      42 |   0.0 |       0 |      23 |   0.0 |   931
           D:2 |       0 |      79 |   0.0 |       0 |      23 |   0.0 |   752
           D:3 |       0 |      41 |   0.0 |       0 |      10 |   0.0 |   655
           D:4 |       0 |     377 |   0.0 |       0 |      13 |   0.0 |   489
               +---------+---------+-------+---------+---------+-------+---------

Vault maps used:
D:1:      nicolae_arrival_washed_ashore, grunt_decor_fettered
D:2:      grunt_gozag_breadcrumbs, minmay_bisected
D:3:      serial_co_window_serial, co_window_corner_a,
          co_window_of_opportunity_a, co_window_of_opportunity_a,
          co_window_of_opportunity_a, co_window_paths_b,
          co_window_unsneaky_path_c, co_window_of_opportunity_b,
          co_window_broadway_c, co_window_broadway_a, co_window_paths_d,
          co_window_4corner_b, glass_columns_a, glass_columns_a, glass_columns_a
D:4:      old_forge, first_ration

Table legend:
 A = Turns spent in this place as a percentage of turns spent in the entire game.
 B = Non-inter-level travel turns spent in this place as a percentage of non-inter-level travel turns spent in the entire game.
 C = Inter-level travel turns spent in this place as a percentage of turns spent in this place.
 D = Turns resting spent in this place as a percentage of non-inter-level travel turns spent in this place.
 E = Turns spent auto-exploring this place as a percentage of non-inter-level travel turns spent in this place.
 F = Non-inter-level travel turns spent in this place divided by the number of levels of this place that you've seen.
                   A       B       C       D       E      F
               +-------+-------+-------+-------+-------+----------------------
         Total | 100.0 | 100.0 |   1.9 |  26.7 |  55.0 | 693.0
       Dungeon | 100.0 | 100.0 |   1.9 |  26.7 |  55.0 | 693.0
               +-------+-------+-------+-------+-------+----------------------

Table legend:
 A = Kills in this place as a percentage of kills in entire the game.
 B = Kills by you in this place as a percentage of kills by you in the entire game.
 C = Kills by friends in this place as a percentage of kills by friends in the entire game.
 D = Other kills in this place as a percentage of other kills in the entire game.
 E = Experience gained in this place as a percentage of experience gained in the entire game.
 F = Experience gained in this place divided by the number of levels of this place that you have seen.
                   A       B       C       D       E      F
               +-------+-------+-------+-------+-------+----------------------
         Total | 100.0 | 100.0 |   N/A |   N/A | 100.0 | 134.8
       Dungeon | 100.0 | 100.0 |   N/A |   N/A | 100.0 | 134.8
               +-------+-------+-------+-------+-------+----------------------
